AoeStats
← sasha22221

Arena

506850385Analyzed
4v4 RM · 16d ago on Sep 15, 2026· 44m 23s· 8 players
Game mode
Random Map
Map size
Large (8 player)
Population
200
Speed
Normal
Resources
Standard
Victory
Conquest
Starting age
Dark Age
Ending age
Imperial Age
RankedLock teamsTeams togetherTeam positionsShared explorationLock speedFull tech treeHidden civsTurbo modeCheats
Victory
Defeat
🇹🇼 Armenians · Taiwan
1065
+14
🇷🇺 Ethiopians · Russia
954
+18
🇨🇳 Portuguese · China
954
+19
🇨🇳 Dravidians · China
946
+19
🇭🇰 Vietnamese · Hong Kong SAR China
1052
-19
🇮🇳 Ethiopians · India
1006
-17
🇮🇳 Huns · India
1004
-17
🇭🇰 Burgundians · Hong Kong SAR China
989
-17
xzaviourr
11:36 Feudal Age
15:40 Castle Age
13:57 Double-Bit Axe
14:00 Horse Collar
17:17 Bloodlines
17:09 Husbandry
19:43 Bow Saw
20:05 Heavy Plow
20:48 Gold Mining
24:08 Scale Barding Armor
26:43 Gold Shaft Mining
26:26 Forging
26:21 Loom
28:29 Wheelbarrow
32:11 Imperial Age
31:38 Hand Cart
32:32 Cavalier
33:40 Chain Barding Armor
34:14 Iron Casting
34:57 Paladin
39:13 Two-Man Saw
38:55 Plate Barding Armor
39:21 Blast Furnace
40:28 Chemistry
建興法師
11:16 Feudal Age
14:56 Castle Age
13:02 Horse Collar
15:20 Double-Bit Axe
17:13 Loom
19:58 Scale Mail Armor
31:53 Imperial Age
29:18 Crossbowman
29:47 Elite Skirmisher
31:20 Ballistics
30:52 Fletching
31:40 Gold Mining
32:02 Bow Saw
31:54 Heavy Plow
32:19 Padded Archer Armor
32:15 Bodkin Arrow
33:56 Arbalester
34:54 Leather Archer Armor
36:25 Chemistry
36:40 Wheelbarrow
39:33 Bracer
40:04 Ring Archer Armor
Dragmon11
7:51 Loom
8:50 Loom
11:35 Feudal Age
15:23 Castle Age
14:44 Double-Bit Axe
14:41 Horse Collar
18:33 Scale Barding Armor
18:31 Scale Mail Armor
18:24 Fletching
26:42 Stone Mining
34:30 Imperial Age
32:42 Bodkin Arrow
36:14 Bracer
36:17 Padded Archer Armor
37:08 Wheelbarrow
36:37 Heavy Plow
36:49 Bow Saw
36:16 Capped Ram
38:14 Leather Archer Armor
39:09 Hand Cart
38:23 Crossbowman
40:00 Gold Mining
40:47 Stone Shaft Mining
40:51 Ballistics
41:35 Gold Shaft Mining
42:03 Chemistry
41:17 Arbalester
42:45 Thumb Ring
43:53 Ring Archer Armor
44:11 Chain Mail Armor
44:00 Squires
43:46 Arson
慈母守中線 游子身上E
10:33 Double-Bit Axe
12:22 Feudal Age
16:58 Castle Age
17:15 Bow Saw
16:47 Horse Collar
17:20 Scale Barding Armor
22:31 Chain Barding Armor
22:16 Cavalier
22:58 Husbandry
27:14 Loom
31:07 Light Cavalry
34:14 Forging
37:54 Imperial Age
38:34 Iron Casting
40:16 Fletching
40:15 Paladin
歌岸似僧
5:06 Loom
11:15 Feudal Age
15:21 Castle Age
13:35 Horse Collar
15:27 Double-Bit Axe
23:06 Wheelbarrow
29:44 Imperial Age
29:45 Hand Cart
29:53 Bow Saw
29:46 Heavy Plow
29:40 Gold Mining
31:46 Scale Mail Armor
31:56 Forging
32:18 Man-at-Arms
32:44 Gambesons
33:00 Squires
32:45 Arson
33:09 Fereters
33:25 Conscription
33:02 Long Swordsman
33:58 Chain Mail Armor
34:18 Iron Casting
33:47 Two-Handed Swordsman
35:02 Plate Mail Armor
35:07 Iron Casting
President of USA
2:09 Loom
13:06 Feudal Age
13:56 Double-Bit Axe
17:00 Castle Age
15:17 Horse Collar
18:28 Bow Saw
18:53 Heavy Plow
20:16 Wheelbarrow
30:33 Imperial Age
27:37 Pikeman
28:18 Squires
29:15 Medical Corps
29:37 Gold Mining
30:58 Ballistics
30:46 Stone Mining
31:52 Hand Cart
32:41 Chemistry
31:43 Scale Mail Armor
32:27 Conscription
32:28 Wootz Steel
31:31 Halberdier
32:59 Fortified Wall
33:47 Thumb Ring
33:03 Elite Elephant Archer
34:06 Chain Mail Armor
34:02 Forging
35:07 Two-Man Saw
35:10 Fletching
35:21 Padded Archer Armor
36:35 Leather Archer Armor
36:16 Bodkin Arrow
37:32 Plate Mail Armor
36:58 Town Watch
37:31 Masonry
38:51 Ring Archer Armor
38:21 Bracer
38:57 Iron Casting
38:21 Murder Holes
41:21 Coinage
40:55 Town Patrol
41:32 Hoardings
40:44 Arson
42:39 Blast Furnace
sasha22221
1:44 Loom
13:27 Feudal Age
13:56 Double-Bit Axe
13:54 Horse Collar
14:09 Gold Mining
17:13 Wheelbarrow
19:24 Castle Age
18:09 Stone Mining
19:05 Fletching
19:18 Scale Mail Armor
21:01 Town Watch
21:26 Crossbowman
28:48 Squires
30:51 Hand Cart
31:44 Bow Saw
32:25 Heavy Plow
35:35 Imperial Age
33:49 Bodkin Arrow
34:10 Chain Mail Armor
34:23 Masonry
34:36 Ballistics
36:07 Gold Shaft Mining
35:41 Murder Holes
36:03 Fortified Wall
35:47 Arbalester
36:31 Padded Archer Armor
37:22 Guilds
37:52 Forging
38:25 Bracer
39:27 Conscription
39:47 Architecture
39:17 Halberdier
41:47 Siege Engineers
42:09 Arson
45:20 Stone Shaft Mining
1625953570
10:51 Feudal Age
15:01 Castle Age
13:23 Double-Bit Axe
14:05 Horse Collar
16:51 Wheelbarrow
16:56 Loom
24:39 Hand Cart
29:19 Imperial Age
27:50 Treadmill Crane
28:38 Gold Mining
28:38 Stone Mining
28:51 Heavy Plow
29:05 Forging
29:01 Scale Barding Armor
28:50 Fletching
31:02 Fortified Wall
31:04 Masonry
31:01 Siege Engineers
32:55 Chemistry
32:53 Architecture
32:55 Murder Holes
33:50 Iron Casting
33:36 Chain Barding Armor
33:12 Bodkin Arrow
32:51 Light Cavalry
33:41 Bloodlines
33:32 Husbandry
36:42 Crop Rotation
36:55 Conscription
36:50 Pikeman
39:41 Blast Furnace
39:16 Plate Barding Armor
38:43 Bracer
38:49 Halberdier
40:43 Bombard Tower
40:47 Arquebus
42:34 Elite Organ Gun
44:21 Ballistics
Connection lost

Rejoining the realm…

Still unreachable

The connection could not be restored.

Session expired

The server has moved on; the page needs a fresh start.